 Dungeon Crawl Stone Soup version 0.28.0-53-g5a82cb258f (webtiles) character file.

Game seed: 10200106951188087127

8350 MiltankisOP the Fighter (level 11, -3/95 HPs)
             Began as a Green Draconian Transmuter on June 24, 2022.
             Was a Believer of Sif Muna.
             Slain by a tengu warrior
             ... wielding a +0 broad axe
              (5 damage)
             ... on level 9 of the Dungeon.
             The game lasted 00:20:58 (11258 turns).

MiltankisOP the Fighter (DrTm)                     Turns: 11258, Time: 00:20:59

Health: -3/95      AC:  2    Str: 12    XL:     11   Next: 8%
Magic:  15/21      EV: 23    Int: 17    God:    Sif Muna [**....]
Gold:   441        SH:  5    Dex: 18    Spells: 15/24 levels left

rFire   . . .      SeeInvis .     - Unarmed
rCold   . . .      Faith    .   (shield currently unavailable)
rNeg    + . .      Spirit   .   (armour unavailable)
rPois   x          Reflect  +   (helmet currently unavailable)
rElec   .          Harm     .   (cloak currently unavailable)
rCorr   .          Rampage  .   (gloves currently unavailable)
Will    .....                   (boots currently unavailable)
Stlth   ++........              a - amulet of reflection
HPRegen 0.25/turn               C - +4 ring of evasion
MPRegen 0.17/turn               E - ring of positive energy

@: spider-form, wereblooded
A: venomous fangs, (breathe noxious fumes), AC +7, tiny, unfitting armour,
(poison resistance), (cold-blooded)
a: End Transformation, Renounce Religion, Channel Magic


You were on level 9 of the Dungeon.
You worshipped Sif Muna.
Sif Muna was pleased with you.
You were a venomous arachnid creature.
You visited 2 branches of the dungeon, and saw 10 of its levels.

You collected 441 gold pieces.

Inventory:

Hand Weapons
 g - the +3 hunting sling of Analysis {vorpal, rPois}
   (You found it on level 3 of the Dungeon)

   Any ammunition fired from it inflicts extra damage upon your enemies.
   rPois:     It protects you from poison.
 K - the +6 mace of Giazytorph {pain, rElec Will+}
   (You found it on level 9 of the Dungeon)

   In the hands of one skilled in necromantic magic, it inflicts extra damage on
   living creatures.
   rElec:     It insulates you from electricity.
   Will:      It increases your willpower.
Missiles
 o - 11 boomerangs (quivered)
Armour
 w - a +0 pair of boots (melded)
 A - a +2 cloak of poison resistance (melded)
Jewellery
 a - an amulet of reflection (around neck)
 b - an amulet of the acrobat
 s - a ring of flight
 C - a +4 ring of evasion (left front leg)
 E - a ring of positive energy (right front leg)
Wands
 j - a wand of acid (5)
 u - a wand of flame (23)
 D - a wand of paralysis (8)
 H - a wand of digging (4)
Scrolls
 h - 5 scrolls of fear {unknown}
 i - a scroll of acquirement {unknown}
 l - 3 scrolls of enchant weapon {unknown}
 m - 3 scrolls of noise {unknown}
 p - 3 scrolls of magic mapping {unknown}
 q - 2 scrolls of teleportation {unknown}
 r - a scroll of vulnerability {unknown}
 t - a scroll of holy word {unknown}
 x - a scroll of amnesia {unknown}
 y - a scroll of silence {unknown}
 B - a scroll of enchant armour {unknown}
 F - 3 scrolls of identify
 I - a scroll of summoning {unknown}
Potions
 c - 3 potions of brilliance
 d - 5 potions of curing
 e - 2 potions of attraction
 f - 2 potions of might
 k - a potion of heal wounds
 n - a potion of magic {unknown}
 v - a potion of berserk rage {unknown}
 z - a potion of lignification {unknown}
 G - a potion of degeneration {unknown}
 J - a potion of ambrosia {unknown}


   Skills:
 + Level 8.9 Fighting
 - Level 1.7 Dodging
 + Level 8.6 Unarmed Combat
 - Level 7.0 Spellcasting
 - Level 7.0 Transmutations
 + Level 5.8 Ice Magic
 - Level 7.0 Poison Magic


You had 15 spell levels left.
You knew the following spells:

 Your Spells              Type           Power      Damage    Failure   Level
a - Beastly Appendage     Tmut           58%        N/A       4%          1
b - Wereblood             Tmut           29%        N/A       5%          2
c - Spider Form           Tmut/Pois      29%        N/A       8%          3
d - Ozocubu's Armour      Ice            25%        N/A       11%         3

Your spell library contained the following spells:

 Spells                   Type           Power      Damage    Failure   Level
 Passwall                 Tmut/Erth      14%        N/A       13%         2
 Poisonous Vapours        Pois/Air       34%        N/A       13%         2
 Ensorcelled Hibernation  Hex/Ice        30%        N/A       16%         2
 Ignite Poison            Fire/Tmut/Pois 21%        N/A       16%         3
 Ice Form                 Ice/Tmut       27%        N/A       22%         4
 Animate Skeleton         Necr           10%        N/A       28%         1
 Apportation              Tloc           10%        N/A       28%         1
 Summon Small Mammal      Summ           20%        N/A       28%         1
 Mephitic Cloud           Conj/Pois/Air  13%        N/A       32%         3
 Corpse Rot               Necr/Air       10%        N/A       36%         2
 Static Discharge         Conj/Air       5%         N/A       36%         2
 Dazzling Flash           Conj/Hex       10%        N/A       56%         3
 Swiftness                Air            5%         N/A       56%         3
 Dispel Undead            Necr           5%         3d7       89%         4
 Sticky Flame             Conj/Fire      5%         2d3       89%         4
 Freezing Cloud           Conj/Ice/Air   6%         6-21      93%         5
 Agony                    Necr           5%         N/A       99%         5
 Silence                  Hex/Air        2%         N/A       99%         5
 Ozocubu's Refrigeration  Ice            12%        4d7       100%        7


Dungeon Overview and Level Annotations

Branches:
Dungeon (9/15)             Temple (1/1) D:6            Lair (0/6) D:8
    Orc: D:9-12

Altars:
Ashenzari
Cheibriados
Dithmenos
Elyvilon
Fedhas
Gozag
Hepliaklqana
Kikubaaqudgha
Makhleb
Nemelex Xobeh
Okawaru
Qazlal
Ru
Sif Muna
Trog
Uskayaw
Vehumet
Wu Jian
Xom
Yredelemnul
Zin
The Shining One

Shops:
D:4 =

Annotations:
D:7 3 runed translucent doors, Caestello's ghost, novice FoGl


Innate Abilities, Weirdness & Mutations

You are a venomous arachnid creature.
You have poisonous fangs.
You are tiny and dextrous.
Your spellcasting is less reliable in this form.
Your armour is entirely melded.
You are incapable of wielding weapons or throwing items.
((You can breathe blasts of noxious fumes.))
((Your lurid green scales are hard. (AC +7)))
You cannot fit into any form of body armour.
((Your system is resistant to poisons. (rPois)))
((You are cold-blooded and may be slowed by cold attacks.))


Message History

The bolt of acid hits the efreet!
The acid corrodes the efreet!
The efreet is heavily wounded.
The bolt of acid hits the tengu warrior!
The tengu warrior is moderately wounded.
The efreet barely misses you.
Aiming: Corrosive Bolt
Press: ? - help, Q - select action, (/) - cycle Shift-Dir - straight line, f/p - efreet
Aim: an efreet, wielding a +2 scimitar of flaming (heavily wounded, very poisoned, covered in acid, 90% to hit)
The bolt of acid hits the efreet!
The efreet seems to be corroded for longer.
The efreet is almost dead.
The bolt of acid misses the tengu warrior.
You feel a bit better.
You kill the efreet!
Sif Muna accepts your kill.
Aiming: Corrosive Bolt
Press: ? - help, Q - select action, (/) - cycle Shift-Dir - straight line, f - tengu warrior
Aim: a tengu warrior, wielding a +0 broad axe, wearing a +0 ring mail and wearing a +2 buckler (lightly wounded, 50% to hit)
The bolt of acid hits the tengu warrior!
The tengu warrior is moderately wounded.
You hiss as the wereblood boils in your veins!
The tengu warrior hits you with a +0 broad axe!
The tengu warrior misses you. The tengu warrior closely misses you.
Aiming: Corrosive Bolt
Press: ? - help, Q - select action, (/) - cycle Shift-Dir - straight line, f/p - tengu warrior
Aim: a tengu warrior, wielding a +0 broad axe, wearing a +0 ring mail and wearing a +2 buckler (moderately wounded, 50% to hit)
The bolt of acid hits the tengu warrior!
The acid corrodes the tengu warrior!
The tengu warrior is heavily wounded.
The tengu warrior hits you with a +0 broad axe!
* * * LOW HITPOINT WARNING * * *
The tengu warrior pecks you.
* * * LOW HITPOINT WARNING * * *
The tengu warrior barely misses you.
You bite the tengu warrior!
The tengu warrior is poisoned.
The tengu warrior is severely wounded.
The tengu warrior hits you with a +0 broad axe!
* * * LOW HITPOINT WARNING * * *
The tengu warrior pecks you.
You die...

.....................##.#.#.#
###################'###)#.#.#
#.................'.#...#
#..#############..#.'...#
#..[.....)........#.#...# ##
##.................#.#.#.#
.###....#############.#.#.#.#
...#....#?..#...#...#.#.#...#
...#....#...'..Qs...'.#.#...#
#'##....#...#...#...#.#.#...#
....##############'######.#.
..#.# #...#..)#...# ..#.#
#...#...#...# ....#
#...#..(#...# ....#
##'###'###'## ......
#...#...#...# ...##..
#...'..[(...#


You could see a tengu warrior (very poisoned, corroded).

Vanquished Creatures
  A boulder beetle (D:9)
  2 two-headed ogres
  Pikel (D:9)
  A cyclops (D:9)
  An ugly thing (D:8)
  A manticore (D:9)
  A kobold demonologist (D:9)
  A komodo dragon (D:8)
  An efreet (D:9)
  A troll (D:8)
  A slime creature (D:9)
  3 wyverns (D:9)
  2 basilisks (D:9)
  A wraith (D:9)
  A steam dragon (D:9)
  An acid dragon (D:9)
  A water moccasin (D:8)
  An orc warrior (D:8)
  3 sky beasts
  A hornet zombie (D:7)
  An ice beast (D:8)
  A necrophage (D:6)
  2 centaurs
  3 ogres
  2 lemures (D:9)
  2 kobold brigands
  4 bullfrogs
  A gnoll sergeant (D:7)
  A scorpion (D:6)
  A water moccasin zombie (D:7)
  A water moccasin skeleton (D:5)
  A howler monkey (D:5)
  A centaur zombie (D:6)
  2 orc priests
  A centaur skeleton (D:7)
  2 gnoll shamans
  4 hounds
  2 jellies
  A bullfrog skeleton (D:6)
  Jessica (D:2)
  4 iguanas
  7 orc wizards
  A howler monkey zombie (D:9)
  10 gnolls
  A howler monkey skeleton (D:6)
  4 adders
  2 white imps
  An adder skeleton (D:4)
  3 worms
  4 dart slugs
  17 orcs
  7 endoplasms
  5 giant cockroaches
  5 goblins
  8 hobgoblins
  9 jackals
  3 quokkas
  7 ball pythons
  8 bats
  5 frilled lizards
  11 kobolds
  7 rats
189 creatures vanquished.

Notes
Turn   | Place    | Note
-------+----------+-------------------------------------------
     0 | D:1      | MiltankisOP the Draconian Transmuter began the quest for
                  | the Orb.
     0 | D:1      | Reached XP level 1. HP: 16/16 MP: 3/3
   239 | D:1      | Found a faded altar of an unknown god.
   253 | D:1      | Reached XP level 2. HP: 23/24 MP: 3/5
   614 | D:1      | You fall into a shaft and drop 1 floor!
   741 | D:2      | Reached XP level 3. HP: 21/30 MP: 4/6
  1509 | D:2      | Noticed Jessica
  1512 | D:2      | Killed Jessica
  1513 | D:2      | Reached XP level 4. HP: 38/38 MP: 5/7
  2097 | D:3      | Identified the +3 hunting sling of Analysis {vorpal, rPois}
  2398 | D:3      | Found a shimmering blue altar of Sif Muna.
  2877 | D:3      | Became a worshipper of Sif Muna the Loreminder
  3031 | D:4      | Reached XP level 5. HP: 28/46 MP: 6/8
  3442 | D:4      | Found Roomun's Jewellery Emporium.
  3585 | D:4      | Reached * piety under Sif Muna
  3593 | D:4      | Reached skill level 5 in Unarmed Combat
  3978 | D:5      | Entered Level 5 of the Dungeon
  3996 | D:5      | Reached XP level 6. HP: 33/53 MP: 7/9
  4172 | D:5      | Reached skill level 5 in Fighting
  4193 | D:5      | Noticed a sky beast
  4205 | D:5      | Killed a sky beast
  4241 | D:5      | Your scales start taking on a lurid green colour.
  4241 | D:5      | Reached XP level 7. HP: 43/62 MP: 8/10
  4241 | D:5      | Gained mutation: Your system is resistant to poisons.
                  | (rPois) [Green Draconian growth]
  4810 | D:6      | Reached skill level 1 in Poison Magic
  5297 | D:6      | Found a staircase to the Ecumenical Temple.
  5320 | D:6      | Reached XP level 8. HP: 59/70 MP: 11/11
  5325 | Temple   | Entered the Ecumenical Temple
  5595 | D:6      | Reached skill level 5 in Poison Magic
  6199 | D:7      | Reached skill level 5 in Transmutations
  6567 | D:7      | Found a runed translucent gate.
  6567 | D:7      | Found a runed translucent gate.
  6567 | D:7      | Found a runed translucent gate.
  6569 | D:7      | Noticed Caestello's ghost (novice FoGl)
  7682 | D:7      | Reached XP level 9. HP: 24/75 MP: 12/12
  8156 | D:8      | Reached ** piety under Sif Muna
  8418 | D:8      | Noticed a troll
  8446 | D:8      | Killed a troll
  8447 | D:8      | Reached skill level 5 in Spellcasting
  8459 | D:8      | Noticed a komodo dragon
  8656 | D:8      | Noticed a purple ugly thing
  8707 | D:8      | Killed a purple ugly thing
  8746 | D:8      | Noticed a two-headed ogre
  8777 | D:8      | Killed a two-headed ogre
  8778 | D:8      | Reached skill level 1 in Ice Magic
  8808 | D:8      | Found a staircase to the Lair.
  9095 | D:8      | Reached XP level 10. HP: 65/84 MP: 20/20
  9231 | D:8      | Learned a level 2 spell: Wereblood
  9235 | D:8      | Learned a level 3 spell: Spider Form
  9739 | D:9      | Found a broken altar of Ashenzari.
  9741 | D:9      | Found a shadowy altar of Dithmenos.
  9742 | D:9      | Found a stormy altar of Qazlal.
  9852 | D:9      | Noticed a two-headed ogre
  9877 | D:9      | Killed a two-headed ogre
 10097 | D:9      | Identified the +6 mace of Giazytorph {pain, rElec Will+}
 10103 | D:9      | Learned a level 3 spell: Ozocubu's Armour
 10182 | D:9      | Found a shimmering altar of Xom.
 10182 | D:9      | Found an iron altar of Okawaru.
 10182 | D:9      | Found a blossoming altar of Fedhas.
 10184 | D:9      | Noticed Pikel
 10206 | D:9      | Killed Pikel
 10252 | D:9      | Found a hazy altar of Hepliaklqana.
 10502 | D:9      | Noticed a boulder beetle
 10598 | D:9      | Noticed a cyclops
 10604 | D:9      | Reached skill level 5 in Ice Magic
 10614 | D:9      | Killed a cyclops
 10749 | D:9      | Killed a boulder beetle
 10750 | D:9      | Reached XP level 11. HP: 36/95 MP: 16/21
 11253 | D:9      | Noticed a tengu warrior
 11258 | D:9      | HP: 2/95 [tengu warrior/+0 broad axe (16)]
 11258 | D:9      | Slain by a tengu warrior

Illustrated notes

Levels and vault maps discovered:
D:1:      eino_arrival_druids_welcome, layout_loops_corners,
          chequers_ecumenical_altar_simple_redux
D:2:      layout_basic, uniq_jessica
D:3:      layout_basic, kennysheep_orc_sif_temple, grunt_ministairs_4
D:4:      layout_loops_ring, serial_shops, nicolae_shop_stone, minmay_circle_x
D:5:      layout_basic, nrook_campfire
D:6:      layout_basic, minmay_temple_entry_mist
D:7:      layout_loops_ring, gammafunk_ghost_split
D:8:      layout_rooms, lair_entry_dummy, kb_rosetta
D:9:      layout_stronghold, nicolae_overflow_hallway_of_the_gods, serial_shops,
          shop, minmay_evil_grid, uniq_pikel
Temple:   nicolae_temple_great_sept

Skill      XL: |  1  2  3  4  5  6  7  8  9 10 |
---------------+-------------------------------+-----
Fighting       | 2 3 4 5 6 8 |  8.9
Unarmed Combat | 4 5 6 8 |  8.6
Poison Magic   | 4 7 |  7.0
Transmutations | 4 7 |  7.0
Spellcasting   | 7 |  7.0
Ice Magic      | 2 5 |  5.8
Dodging        | |  1.7

Action                   |  1- 3 |  4- 6 |  7- 9 | 10-12 || total
-------------------------+-------+-------+-------+-------++-------
Melee: Unarmed           |   117 |   187 |   272 |   159 ||   735
       Kick              |    19 |    45 |    77 |    23 ||   164
       Tailslap          |     5 |    23 |    38 |     7 ||    73
       Headbutt          |    11 |    24 |    55 |    12 ||   102
       Punch             |       |     4 |    11 |     3 ||    18
 Cast: Beastly Appendage |    23 |    36 |    37 |     5 ||   101
       Spider Form       |       |       |       |    10 ||    10
       Ozocubu's Armour  |       |       |       |     6 ||     6
       Wereblood         |       |       |       |     2 ||     2
 Abil: Breathe Noxious F |       |       |    11 |     2 ||    13
Evoke: Wand              |       |       |     1 |     7 ||     8
  Use: Scroll            |       |       |     4 |     1 ||     5
       Potion            |       |       |       |     1 ||     1
 Stab: Confused          |       |       |     6 |       ||     6
       Paralysed         |       |       |     6 |       ||     6
       Sleeping          |       |       |       |     1 ||     1
Armor: Skin              |    24 |    24 |    66 |    19 ||   133
Dodge: Dodged            |    73 |    79 |    96 |   102 ||   350
Block: Other             |    21 |    31 |    42 |    29 ||   123
       Reflection        |       |       |     3 |       ||     3
